 Dungeon Crawl Stone Soup version 0.30.1-11-g7821555f0a (webtiles) character file.

Game seed: 1607037670131997367

11 RancidPinata the Sneak (level 2, -2/19 HPs)
             Began as a Gargoyle Delver on Dec 27, 2023.
             Slain by an orc
             ... wielding a +0 mace
              (4 damage)
             ... on level 4 of the Dungeon.
             The game lasted 00:03:13 (267 turns).

RancidPinata the Sneak (Gargoyle Delver)             Turns: 267, Time: 00:03:14

Health: -2/19      AC:  7    Str: 15    XL:     2   Next: 29%
Magic:  2/2        EV: 10    Int: 10    God:
Gold:   0          SH:  0    Dex: 11    Spells: 1/1 levels left

rFire   . . .        a - +0 mace
rCold   . . .        (no shield)
rNeg    + . .        k - +0 ring mail
rPois   ∞            (no helmet)
rElec   +            (no cloak)
rCorr   .            (no gloves)
SInv    .            (no boots)
Will    .....        (no amulet)
Stlth   ++           (no ring)
HPRegen 0.23/turn    (no ring)
MPRegen 0.08/turn

%: no passive effects
@: no status effects
A: sickness immunity, AC +2, negative energy resistance 1, electricity
resistance, torment resistance 1, petrification resistance
a: no special abilities


You were on level 4 of the Dungeon.
You visited 1 branch of the dungeon, and saw 3 of its levels.

Inventory:

Hand Weapons
 a - a +0 mace (weapon)
Missiles
 i - 4 boomerangs (quivered)
Armour
 b - a +0 leather armour
 k - a +0 ring mail (worn)
Wands
 g - a wand of digging (3)
Scrolls
 c - a scroll of fog
 d - a scroll of magic mapping
 e - a scroll of fear
 j - a scroll of enchant weapon {unknown}
 l - a scroll of identify {unknown}
 m - a scroll of amnesia {unknown}
 n - a scroll of silence {unknown}
Potions
 f - a potion of haste
 h - a potion of flight {unknown}


   Skills:
 * Level 3.4 Fighting
 * Level 2.2 Maces & Flails
 * Level 0.8 Armour
 + Level 1.6 Dodging
 + Level 5.5 Stealth


You had one spell level left.
You didn't know any spells.
Your spell library was empty.

Dungeon Overview and Level Annotations

Branches:
Dungeon (6/15)
 Temple: D:4-7

Altars:

Annotations:
D:5 2 transporters, rundlesten's ghost, novice OpHW


Innate Abilities, Weirdness & Mutations

You are immune to sickness and miasma.
Your stone body is resilient. (AC +2)
You are immune to poison.
You resist negative energy. (rN+)
You are resistant to electric shocks. (rElec)
You are resistant to unholy torment.
You are immune to petrification.


Message History

2 jackals come into view.
The orc throws a boomerang.
The boomerang closely misses you.
A gnoll comes into view. It is wielding a +0 spear.
You see here a scroll labelled JAIZUOKADE.
n - a scroll labelled JAIZUOKADE The orc throws a boomerang.
The boomerang barely misses you.
A phantom comes into view.
There is a stone staircase leading up here.
The orc hits you with a +0 mace.
You climb upwards.
The ball python hisses angrily.
There is a stone staircase leading down here.
You closely miss the orc. The orc hits you with a +0 mace.
A jackal comes into view.
The orc closely misses you.
The jackal barks!
You hit the orc.
The orc is moderately wounded.
The orc barely misses you.
You hit the orc.
The orc is heavily wounded.
A jackal comes into view.
The orc hits you with a +0 mace.
The jackal barks!
You hit the orc but do no damage.
The orc is moderately wounded.
The ball python bites you. The ball python closely misses you.
The orc hits you but does no damage. The ball python barely misses you. x2
The orc hits you with a +0 mace.
You barely miss the orc.
The orc is moderately wounded.
The jackal closely misses you. The ball python closely misses you.
The ball python grabs you. The ball python constricts you.
The orc hits you with a +0 mace.
* * * LOW HITPOINT WARNING * * *
The jackal bites you.
* * * LOW HITPOINT WARNING * * *
You escape the ball python's grasp.
The jackal attacks as you move away! The jackal closely misses you.
The orc hits you with a +0 mace.
You die...

#### ####... #
#.....#..
#........
#........
#........
########........
.......oS.......
#.....@hh...###
#...........#
#.#........## #
#.#......#
#.#........ #
#.....##.#
#.....# .#
......#


You could see an orc, 2 jackals and a ball python.

Vanquished Creatures
  An adder (D:5)
  An orc (D:5)
2 creatures vanquished.

Notes
Turn   | Place    | Note
-------+----------+-------------------------------------------
     0 | D:5      | RancidPinata the Gargoyle Delver began the quest for the
                  | Orb.
     0 | D:5      | Reached XP level 1. HP: 14/14 MP: 1/1
    32 | D:6      | Noticed an ogre
    52 | D:5      | Noticed a phantom
    55 | D:5      | Noticed an iguana
    56 | D:5      | Noticed a hound
    57 | D:5      | Noticed an ice beast
    78 | D:5      | Noticed a scorpion
    84 | D:5      | Noticed a sleepcap
   177 | D:5      | Found a transporter.
   177 | D:5      | Noticed rundlesten's ghost (novice OpHW)
   211 | D:5      | Reached XP level 2. HP: 17/19 MP: 2/2
   224 | D:5      | Found a transporter.
   259 | D:5      | Noticed a phantom
   267 | D:4      | Slain by an orc

Illustrated notes

Levels and vault maps discovered:
D:4:      layout_basic, nicolae_hepliaklqana_monster_ancestors
D:5:      layout_rooms, hellmonk_okawaru_the_only_friend_you_need,
          xom_confusion_cloud, gammafunk_ghost_mausoleum, minmay_liquid_box,
          minmay_joined_circles
D:6:      layout_rooms, minmay_temple_entry_overgrown,
          gammafunk_ghost_gnarly_gnolls, serial_corexii_hall,
          corexii_hall_statues_l, chequers_hall_statues_wall_a

Action                     || total
---------------------------++-------
  Melee: Mace              ||    18
 Armour: Leather armour    ||     6
         Ring mail         ||     1
  Dodge: Dodged            ||    19
